 Dungeon Crawl Stone Soup version 0.13-a0-2884-gbbf8bdf (webtiles) character file.

33398 spurdo the Unseen (level 13, -10/79 HPs)
             Began as a Vampire Enchanter on Aug 28, 2013.
             Was the Champion of Kikubaaqudgha.
             Mangled by a death yak (25 damage)
             ... on Level 6 of the Lair of Beasts on Aug 29, 2013.
             The game lasted 02:21:48 (24878 turns).

spurdo the Unseen (Vampire Enchanter)              Turns: 24878, Time: 02:21:48

HP -10/79        AC  6     Str  8      XL: 13   Next: 30%
MP  12/29        EV 17     Int 25      God: Kikubaaqudgha [******]
Gold 1208        SH  0     Dex 14      Spells:  8 memorised,  4 levels left

Res.Fire  : x . .   See Invis. : +   m - +1,+0 orc dagger (flame)
Res.Cold  : + + +   Warding    : .   j - +1 elf robe {rC+}
Life Prot.: + + .   Conserve   : .   (no shield)
Res.Poison: +       Res.Corr.  : .   (no helmet)
Res.Elec. : .       Clarity    : .   l - +2 cloak
Sust.Abil.: . .     Spirit.Shd : .   (no gloves)
Res.Mut.  : .       Stasis     : .   (no boots)
Res.Rott. : +       Flight     : .   w - amulet of faith
Saprovore : . . .                    y - ring of ice
                                     D - ring "Phyoguf" {Int+5 SInv}

@: regenerating slowly, somewhat resistant to hostile enchantments,
extraordinarily stealthy
A: bottle blood, fangs 3, see invisible, unbreathing
a: Bat Form, Bottle Blood, Receive Corpses, Torment, Renounce Religion


You were on level 6 of the Lair of Beasts.
You worshipped Kikubaaqudgha.
Kikubaaqudgha was exalted by your worship.
You were very thirsty.

You visited 3 branches of the dungeon, and saw 21 of its levels.

You collected 1188 gold pieces.

Inventory:

Hand weapons
 m - a +1,+0 orcish dagger of flaming (weapon)
Missiles
 d - 10 darts (quivered)
Armour
 j - a +1 elven robe of cold resistance (worn)
 l - a +2 cloak (worn)
Magical devices
 b - a wand of disintegration (6)
 p - a wand of magic darts (9)
 x - a wand of disintegration (7)
 A - a wand of slowing (5)
 H - a wand of teleportation (4)
Scrolls
 c - a scroll of amnesia
 f - 5 scrolls of enchant weapon I
 g - 16 scrolls of remove curse
 k - 5 scrolls of blinking
 n - 2 scrolls of enchant weapon II
 q - 8 scrolls of teleportation
 r - a scroll of fog
 z - 3 scrolls of fear
 L - 6 scrolls of identify
 N - 4 scrolls of enchant armour
Jewellery
 t - an uncursed amulet of inaccuracy {unknown}
 w - an amulet of faith (around neck)
 y - a ring of ice (right hand)
 D - the ring "Phyoguf" (left hand) {Int+5 SInv}
   (You found it on level 6 of the Dungeon)

   [ring of see invisible]

   It affects your intelligence (+5).
Potions
 e - 14 potions of blood
 h - 7 potions of curing
 o - a potion of agility
 F - 3 potions of heal wounds
 I - a potion of might
 J - 2 potions of speed
 O - 2 potions of restore abilities
Books
 i - Kikubaaqudgha's Catalogue of Stolen Souls
   (Kikubaaqudgha gifted it to you on level 5 of the Dungeon)

   Spells                             Type                      Level
   Pain                               Necromancy                   1
   *Lethal Infusion                   Charms/Necromancy            2
   *Corpse Rot                        Necromancy                   2
   Vampiric Draining                  Necromancy                   3
   *Control Undead                    Necromancy                   4
 u - a book of Burglary

   Spells                             Type                      Level
   Apportation                        Translocation                1
   Swiftness                          Charms/Air                   2
   Passwall                           Transmutation/Earth          3
   Passage of Golubria                Translocation                4
   Lee's Rapid Deconstruction         Earth                        5
   Darkness                           Hexes                        7
 v - a Young Poisoner's Handbook

   Spells                             Type                      Level
   Sting                              Conjuration/Poison           1
   Cure Poison                        Poison                       2
   Mephitic Cloud                     Conjuration/Poison/Air       3
   Olgreb's Toxic Radiance            Poison                       4
   Venom Bolt                         Conjuration/Poison           5
 C - Kikubaaqudgha's Papyrus of Necromancy
   (Kikubaaqudgha gifted it to you on level 7 of the Dungeon)

   Spells                             Type                      Level
   Excruciating Wounds                Charms/Necromancy            5
   Dispel Undead                      Necromancy                   5
   Twisted Resurrection               Necromancy                   5
   Simulacrum                         Ice/Necromancy               6
   *Death Channel                     Necromancy                   6
Magical staves
 s - an uncursed staff of wizardry


   Skills:
 * Level 10.7 Short Blades
   Level 1.7 Long Blades
 - Level 0.7 Throwing
 + Level 8.6 Dodging
 + Level 17.9 Stealth
 + Level 8.4 Spellcasting
 + Level 12.3 Hexes
 * Level 8.1 Necromancy
 + Level 4.1 Ice Magic
 + Level 1.1 Evocations


You had 4 spell levels left.
You knew the following spells:

 Your Spells              Type           Power        Failure   Level  Hunger
a - Corona                Hex            ######.      1%          1    None
b - Ensorcelled Hibernat  Hex/Ice        ######       1%          2    None
c - Confuse               Hex            ######..     1%          3    None
d - Lethal Infusion       Chrm/Necr      ####......   1%          2    None
e - Enslavement           Hex            ######..     1%          4    ##.....
f - Corpse Rot            Necr           N/A          1%          2    None
g - Control Undead        Necr           ######....   1%          4    ##.....
h - Death Channel         Necr           ######....   34%         6    ######.


Dungeon Overview and Level Annotations

Branches:
Dungeon (13/27)            Temple (1/1) D:4             Orc (0/4) D:7
   Lair (7/8) D:10          Swamp (0/5) Lair:6        Snake (0/5) Lair:5
  Slime (0/6) Lair:7

Altars:
Ashenzari
Cheibriados
Elyvilon
Fedhas
Kikubaaqudgha
Makhleb
Nemelex Xobeh
Okawaru
Sif Muna
Trog
Vehumet
Xom
Yredelemnul
Zin
the Shining One
Beogh

Shops:
D:4 [   D:9 %

Annotations:
Lair:3 exclusion: oklob plant


Innate Abilities, Weirdness & Mutations

You heal slowly.
You can bottle blood from corpses.
You have razor-sharp teeth.*
You have supernaturally acute eyesight.
You can survive without breathing.*


Message History

You feel more attuned to ice.
y - a ring of ice (right hand)
The adder barely misses you. The adder bites you but does no damage.
The adder closely misses you.
You climb upwards.
The death yak closely misses you.
There is a stone staircase leading down here.
The death yak barely misses you.
You hear a grinding noise.
The adder misses you.
Your potion of coagulated blood rots away.
You hear a grinding noise.
The adder barely misses you.
Casting: Ensorcelled Hibernation
Confirm with . or Enter, or press ? or * to list all spells.
Aiming: Ensorcelled Hibernation
Press: ? - help, Shift-Dir - straight line, f - death yak
Aim: a death yak You feel a surge of power!
The death yak resists.
The death yak gores you!
You die...
Kikubaaqudgha rasps: "You have failed me!
Welcome... oblivion!"

####..##....P##...##### #...
#....#............#.# #...
#####...#.............## ##.#
#.###+#..#..f........## ##...
...P..........#......P# #####....
..+......+..#.f......####.##.....
#.#(..Y...#%.........#.#.........
...........##.#......#...........
.##......### #..@........##..#...
######Y##### ##YSY...P..########%
##..##.####...fP...## #.%%
#.#....#.##....#.#.# #####.
#####..#Y..#.##..###########.#...
#..........>###%..###P..#........
##.......Y..#f..>......#.........
##..........+.............#......
#.........Y.P.............#......


You could see 2 death yaks and an adder.

Vanquished Creatures
  The ghost of topse123 the Covert, a powerful NaEn of Okawaru (Lair:6)
  Fannar (D:10)
  6 hydras
  3 death yaks
  Urug (D:10)
  2 griffons
  A guardian serpent (Lair:5)
  5 black mambas
  2 elephants (Lair:7)
  Psyche (D:8)
  7 spiny frogs
  4 fire drakes
  2 feature mimics
  A troll (D:11)
  6 komodo dragons
  Grinder (D:3)
  A two-headed ogre (D:12)
  A wandering mushroom (Lair:7)
  Sonja (D:10)
  3 blink frogs (Lair:7)
  Prince Ribbit (D:6)
  A basilisk (Lair:3)
  2 ugly things (D:13)
  A steam dragon (D:10)
  A wraith (D:10)
  24 yaks
  A shark (D:12)
  5 hippogriffs
  5 vampire mosquitoes
  The ghost of Oper80 the Changer, an average OpTm (D:3)
  2 wolves (Lair:6)
  6 porcupines
  A swamp worm (Lair:6)
  A soldier ant (D:12)
  3 orc warriors
  2 giant goldfish (Lair:6)
  2 ice beasts (D:8)
  A phantom (D:5)
  A sky beast (D:11)
  9 crocodiles
  3 centaurs
  2 ogres
  4 killer bees (D:11)
  2 boring beetles (Lair:6)
  A big kobold (D:12)
  Duvessa (D:7)
  18 giant frogs
  5 giant slugs
  16 water moccasins
  Blork the orc (D:6)
  4 agate snails
  2 yak skeletons (D:11)
  8 electric eels
  2 jellyfish
  A troll skeleton (D:12)
  5 wights (D:10)
  A pulsating lump (Lair:7)
  2 goliath beetles (D:10)
  7 jellies
  Dowan (D:7)
  A soldier ant zombie (D:12)
  9 orc priests
  4 crimson imps
  Crazy Yiuf (D:6)
  8 orc wizards
  A scorpion (D:12)
  3 big fish
  9 hounds
  An iguana (D:6)
  9 worker ants
  11 sheep
  Ijyb (D:3)
  An ogre skeleton (D:6)
  Terence (D:3)
  21 adders
  22 green rats
  4 gnolls (D:8)
  A giant centipede (Lair:1)
  2 giant mites
  14 worms
  An adder zombie (D:4)
  An adder skeleton (D:10)
  A scorpion zombie (D:6)
  5 giant eyeballs
  4 giant geckos
  8 oozes
  35 orcs
  A bat skeleton (D:4)
  5 giant cockroaches
  11 hobgoblins
  20 jackals
  17 kobolds
  15 quokkas
  4 ball pythons
  16 bats
  6 giant newts
  3 giant spores
  12 goblins
  A kobold skeleton (D:4)
  An orc skeleton (D:4)
  19 rats
  A rat skeleton (D:8)
  A ballistomycete (D:12)
  A fungus (Lair:5)
  A plant (Lair:6)
520 creatures vanquished.

Vanquished Creatures (collateral kills)
  A hill giant (D:11)
  2 yaks
  A water elemental (D:12)
  A vampire mosquito (D:11)
  2 wolves (Lair:6)
  An ogre (D:11)
  A giant frog (D:11)
  3 killer bees (D:11)
  A jellyfish (Lair:7)
  A troll skeleton (D:12)
  A pulsating lump (Lair:7)
  A jelly (Lair:3)
  An orc priest (D:12)
  5 sheep (Lair:7)
  A mummy (D:11)
  4 green rats
  A giant mite (D:7)
  3 worms (Lair:7)
  An ooze (Lair:3)
  2 orcs (D:12)
  A hobgoblin (D:10)
  A jackal (Lair:1)
  2 kobolds
38 creatures vanquished.

Vanquished Creatures (others)
  A sky beast (D:8)
  17 fungi
  13 plants
31 creatures vanquished.

Grand Total: 589 creatures vanquished

Notes
Turn   | Place    | Note
--------------------------------------------------------------
     0 | D:1      | spurdo, the Vampire Enchanter, began the quest for the Orb.
     0 | D:1      | Reached XP level 1. HP: 13/13 MP: 4/4
   390 | D:1      | Reached XP level 2. HP: 19/19 MP: 5/5
   766 | D:2      | Reached XP level 3. HP: 24/24 MP: 6/6
  1078 | D:2      | Learned a level 2 spell: Ensorcelled Hibernation
  1335 | D:2      | Reached skill level 5 in Stealth
  1431 | D:2      | Reached XP level 4. HP: 27/30 MP: 8/8
  1641 | D:3      | Noticed Terence
  1644 | D:3      | Killed Terence
  1760 | D:3      | Noticed Oper80's ghost (average OpTm)
  1782 | D:3      | Killed Oper80's ghost
  1782 | D:3      | Reached skill level 7 in Stealth
  1782 | D:3      | Reached XP level 5. HP: 14/31 MP: 7/9
  1904 | D:3      | Noticed Grinder
  1922 | D:3      | Killed Grinder
  1922 | D:3      | Reached skill level 9 in Stealth
  1922 | D:3      | Reached XP level 6. HP: 21/37 MP: 10/10
  2143 | D:3      | Noticed Ijyb
  2152 | D:3      | Killed Ijyb
  2199 | D:3      | Found a shimmering altar of Xom.
  2473 | D:4      | Found a staircase to the Ecumenical Temple.
  2482 | Temple   | Entered the Ecumenical Temple
  2690 | Temple   | Became a worshipper of Kikubaaqudgha
  2790 | D:4      | Reached XP level 7. HP: 42/42 MP: 11/11
  2804 | D:4      | Found Ucut's Armour Shop.
  3437 | D:4      | Reached skill level 10 in Stealth
  3645 | D:5      | Entered Level 5 of the Dungeon
  3657 | D:5      | Acquired Kikubaaqudgha's first power
  3657 | D:5      | Received a gift from Kikubaaqudgha
  3658 | D:5      | Identified Kikubaaqudgha's Catalogue of Stolen Souls (Kikubaaqudgha gifted it to you on level 5 of the Dungeon)
  3663 | D:5      | Learned a level 3 spell: Confuse
  3666 | D:5      | Learned a level 2 spell: Lethal Infusion
  3682 | D:5      | Found a basalt altar of Yredelemnul.
  3823 | D:5      | Reached skill level 1 in Ice Magic
  4060 | D:5      | Found a sparkling altar of Nemelex Xobeh.
  4156 | D:5      | Reached skill level 11 in Stealth
  4241 | D:5      | Reached XP level 8. HP: 48/48 MP: 13/13
  4421 | D:6      | Noticed Blork the orc
  4423 | D:6      | Killed Blork the orc
  5185 | D:5      | Reached skill level 12 in Stealth
  5337 | D:6      | Got a smoking steel ring
  5359 | D:6      | Reached skill level 5 in Dodging
  5375 | D:6      | Noticed Prince Ribbit
  5377 | D:6      | Killed Prince Ribbit
  5377 | D:6      | Reached skill level 5 in Short Blades
  5377 | D:6      | Reached skill level 5 in Hexes
  5441 | D:6      | Acquired Kikubaaqudgha's second power
  5527 | D:6      | Noticed Crazy Yiuf
  5535 | D:6      | Killed Crazy Yiuf
  5997 | D:7      | Found a staircase to the Orcish Mines.
  6027 | D:7      | Reached skill level 13 in Stealth
  6135 | D:7      | Found a roughly hewn altar of Beogh.
  6156 | D:7      | Reached XP level 9. HP: 53/53 MP: 17/17
  6162 | D:7      | Learned a level 4 spell: Enslavement
  6345 | D:7      | Received a gift from Kikubaaqudgha
  6346 | D:7      | Identified Kikubaaqudgha's Papyrus of Necromancy (Kikubaaqudgha gifted it to you on level 7 of the Dungeon)
  6885 | D:7      | Noticed Dowan
  6886 | D:7      | Noticed Duvessa
  6915 | D:7      | Killed Dowan
  6935 | D:7      | Killed Duvessa
  6968 | D:7      | Found a deep blue altar of Sif Muna.
  7257 | D:8      | Identified the ring "Phyoguf" {Int+5 SInv} (You found it on level 6 of the Dungeon)
  7473 | D:8      | Paralysed by a potion of paralysis for 3 turns
  7505 | D:8      | Noticed Psyche
  7508 | D:8      | Killed Psyche
  7529 | D:8      | Paralysed by a giant eyeball for 4 turns
  7557 | D:8      | Found a blossoming altar of Fedhas.
  7921 | D:9      | Found Untecrea's Food Emporium.
  8401 | D:9      | Reached skill level 14 in Stealth
  8411 | D:9      | Learned a level 2 spell: Corpse Rot
  8477 | D:10     | Entered Level 10 of the Dungeon
  8497 | D:10     | Acquired Kikubaaqudgha's third power
  8675 | D:10     | Noticed Sonja
  8695 | D:10     | Killed Sonja
  8695 | D:10     | Reached XP level 10. HP: 63/63 MP: 15/20
  8990 | D:10     | Found a staircase to the Lair.
  9071 | D:10     | Noticed Fannar
  9105 | D:10     | Killed Fannar
  9105 | D:10     | Reached skill level 15 in Stealth
  9247 | D:10     | HP: 2/63 [komodo dragon (18)]
  9558 | D:10     | Noticed Urug
  9565 | D:10     | Killed Urug
  9647 | D:10     | Reached skill level 1 in Necromancy
  9752 | D:10     | Learned a level 4 spell: Control Undead
  9969 | D:11     | Reached skill level 5 in Spellcasting
 10351 | D:11     | Reached XP level 11. HP: 60/68 MP: 8/23
 10816 | D:11     | Noticed a hill giant
 10947 | D:11     | Killed a hill giant
 12059 | D:12     | Acquired Kikubaaqudgha's fourth power
 13244 | D:13     | Reached skill level 1 in Evocations
 13487 | Lair:1   | Entered Level 1 of the Lair of Beasts
 13507 | Lair:1   | Upgraded the game from 0.13-a0-2859-gb62c5ab to 0.13-a0-2884-gbbf8bdf
 13994 | Lair:1   | Reached skill level 16 in Stealth
 14389 | Lair:1   | Reached skill level 10 in Hexes
 15413 | Lair:3   | Noticed a six-headed hydra
 15420 | Lair:3   | Killed a six-headed hydra
 15420 | Lair:3   | Reached skill level 5 in Necromancy
 16059 | Lair:3   | Reached XP level 12. HP: 74/74 MP: 23/26
 16067 | Lair:3   | Learned a level 6 spell: Death Channel
 16762 | Lair:4   | Identified a scroll of acquirement
 16763 | Lair:4   | Got a crystal double sword
 16764 | Lair:4   | Identified the double sword of True Grit {freeze, *Tele Int+1 SInv Stlth++} (You acquired it on level 4 of the Lair of Beasts)
 16894 | Lair:4   | Noticed a seven-headed hydra
 16903 | Lair:4   | Killed a seven-headed hydra
 16903 | Lair:4   | Reached skill level 1 in Long Blades
 18488 | Lair:5   | Found a staircase to the Snake Pit.
 18776 | Lair:5   | Reached skill level 17 in Stealth
 19072 | Lair:6   | Noticed an eight-headed hydra
 19088 | Lair:6   | Killed an eight-headed hydra
 19408 | Lair:6   | Found a staircase to the Swamp.
 19579 | Lair:6   | Reached skill level 10 in Short Blades
 19788 | Lair:6   | Noticed topse123's ghost (powerful NaEn)
 19820 | Lair:6   | Killed topse123's ghost
 20179 | Lair:6   | Found a staircase to the Shoals.
 20182 | Lair:6   | the staircase to the Shoals was a mimic.
 20628 | Lair:7   | Found a staircase to the Slime Pits.
 20822 | Lair:7   | HP: 2/74 [griffon (10)]
 22060 | Lair:5   | Noticed a seven-headed hydra
 22073 | Lair:5   | Killed a seven-headed hydra
 22177 | Lair:6   | Reached XP level 13. HP: 79/79 MP: 22/29
 23021 | Lair:7   | Noticed a six-headed hydra
 23027 | Lair:7   | Killed a six-headed hydra
 23500 | Lair:7   | Noticed a five-headed hydra
 23507 | Lair:7   | Killed a five-headed hydra
 24878 | Lair:6   | Mangled by a death yak

Action                   |  1- 3 |  4- 6 |  7- 9 | 10-12 | 13-15 || total
-------------------------+-------+-------+-------+-------+-------++-------
Melee: Dagger            |   109 |    77 |   319 |   695 |   240 ||  1440
       Double sword      |       |       |       |     7 |       ||     7
       Unarmed           |       |       |       |       |     8 ||     8
Throw: Dart              |       |       |     6 |       |       ||     6
 Cast: Ensorcelled Hiber |       |     1 |    30 |   133 |    56 ||   220
       Confuse           |       |       |     8 |    57 |     7 ||    72
       Corona            |       |       |     1 |     1 |     1 ||     3
       Enslavement       |       |       |     7 |    63 |    21 ||    91
       Corpse Rot        |       |       |     1 |    23 |       ||    24
       Control Undead    |       |       |       |     5 |       ||     5
       Death Channel     |       |       |       |     5 |     1 ||     6
Invok: Receive Corpses   |       |       |       |     6 |       ||     6
 Abil: Bottle Blood      |       |     3 |    40 |    56 |    11 ||   110
       End Transformatio |       |       |       |     5 |     4 ||     9
       Bat Form          |       |       |       |     5 |     4 ||     9
Evoke: Wand              |       |       |     5 |    21 |       ||    26
  Use: Scroll            |       |    10 |    11 |    11 |       ||    32
       Potion            |       |     1 |    24 |    43 |     2 ||    70
 Stab: Sleeping          |     9 |    15 |    57 |   146 |    25 ||   252
       Confused          |       |       |     5 |    11 |     2 ||    18
       Distracted        |       |       |       |     5 |     1 ||     6
